[Event "Titled Tuesday Blitz September 14 2021"]
[White "Maghsoodloo, Parham"]
[Black "Krysa, Leandro"]
[WhiteFideId "12539929"]
[BlackFideId "116807"]
[WhiteElo "2601"]
[BlackElo "2490"]
[Result "0-1"]
[Round "05"]
[TimeControl "180+1"]
[Date "2021.09.15"]
[WhiteClock "0:00:02"]
[BlackClock "0:00:09"]

1. e4 c5 2. Nf3 Nc6 3. Bb5 g6 4. O-O Bg7 5. Bxc6 bxc6 6. d3 d6 7. h3 e5 8. c3 Ne7 9. Re1 O-O 10. d4 cxd4 11. cxd4 exd4 12. Nxd4 c5 13. Nb5 d5 14. e5 Be6 15. Bg5 h6 16. Bxe7 Qxe7 17. f4 Rad8 18. N1c3 f6 19. Qd3 fxe5 20. Qxg6 e4 21. Rad1 a6 22. Nc7 Rf6 23. N3xd5 Bxd5 24. Qh5 Bf7 25. Rxd8+ Qxd8 26. Qxc5 Rxf4 27. Kh1 Qd2 28. Rg1 e3 29. Qe7 e2 30. Ne6 Bxe6 31. Qxe6+ Kh7 32. Qxa6 Re4 0-1


[Site "https://www.chess.com"]

[Event "Titled Tuesday Blitz September 14 2021"]
[White "Makarian, Rudik"]
[Black "Rastbod, Ali"]
[WhiteFideId "44105681"]
[BlackFideId "12567477"]
[WhiteElo "2411"]
[BlackElo "2226"]
[Result "1-0"]
[Round "05"]
[TimeControl "180+1"]
[Date "2021.09.15"]
[WhiteClock "0:00:50"]
[BlackClock "0:00:07"]

1. d4 Nf6 2. c4 e6 3. Nf3 Bb4+ 4. Bd2 Qe7 5. g3 O-O 6. Bg2 Bxd2+ 7. Qxd2 d6 8. O-O e5 9. Nc3 Bg4 10. h3 Bxf3 11. exf3 exd4 12. Qxd4 Nc6 13. Qd2 Qe5 14. f4 Qc5 15. Nd5 Nxd5 16. cxd5 Ne7 17. Rac1 Qb6 18. Rfe1 Rfe8 19. Be4 h6 20. Kg2 Rad8 21. Bb1 c5 22. dxc6 bxc6 23. Qd3 g6 24. Re2 Nf5 25. Rce1 Rxe2 26. Qxe2 Ng7 27. Qd2 Qc5 28. Rc1 Qb5 29. Be4 d5 30. Bd3 Qb7 31. f5 g5 32. f6 Ne6 33. h4 c5 34. hxg5 hxg5 35. Rh1 c4 36. Bh7+ Kf8 37. Bf5 d4+ 38. f3 Ke8 39. Bxe6 1-0


[Site "https://www.chess.com"]

[Event "Titled Tuesday Blitz September 14 2021"]
[White "Moroni, Luca Jr"]
[Black "Nazaretyan, Tigran"]
[WhiteFideId "865834"]
[BlackFideId "24162345"]
[WhiteElo "2491"]
[BlackElo "2212"]
[Result "1-0"]
[Round "05"]
[TimeControl "180+1"]
[Date "2021.09.15"]
[WhiteClock "0:00:08"]
[BlackClock "0:00:04"]

1. d4 Nf6 2. c4 c5 3. Nf3 cxd4 4. Nxd4 e5 5. Nb5 d5 6. cxd5 a6 7. N5c3 Bc5 8. g3 h5 9. h3 b5 10. Bg2 Bb7 11. a3 Nbd7 12. b4 Bd4 13. e3 Ba7 14. O-O Nb6 15. e4 Nc4 16. a4 Qd7 17. Na3 h4 18. Nxc4 bxc4 19. g4 Bd4 20. Bd2 Qd6 21. Qe2 Rc8 22. b5 O-O 23. g5 Nd7 24. Qg4 Nc5 25. Rad1 Nd3 26. Qxh4 f5 27. exf5 Rxf5 28. Ne4 Qg6 29. Be3 Rcf8 30. d6 Rf4 31. Bxf4 Rxf4 32. d7 Bb6 33. bxa6 Bxe4 34. Bxe4 Qxe4 35. Qh5 Rxf2 36. d8=Q+ Bxd8 37. Rxf2 Bb6 38. Qe8+ Kh7 39. Qh5+ Kg8 40. Qe8+ Kh7 41. g6+ Kh6 42. Qh8+ Kxg6 43. Qe8+ Kh7 44. Qh5+ Kg8 45. Qf7+ Kh7 46. Rf1 Qe3 47. Qh5+ Kg8 48. Qf7+ Kh7 49. Qf5+ Kg8 50. Kg2 Nxf2 51. Rxf2 Qxf2+ 52. Qxf2 Bxf2 53. Kxf2 c3 54. a7 c2 55. a8=Q+ Kh7 56. Qc6 e4 57. Qxe4+ Kh8 58. Qxc2 1-0


[Site "https://www.chess.com"]

[Event "Titled Tuesday Blitz September 14 2021"]
[White "Nimrod_Veinberg"]
[Black "Sviridov_Valery"]
[WhiteElo "2745"]
[BlackElo "2960"]
[Result "0-1"]
[Round "05"]
[TimeControl "180+1"]
[Date "2021.09.15"]
[WhiteClock "0:00:01"]
[BlackClock "0:00:27"]

1. d4 g6 2. e4 Bg7 3. Nc3 d6 4. Nf3 a6 5. a4 b6 6. Bd3 e6 7. O-O Bb7 8. Re1 Nd7 9. Ne2 Ngf6 10. Ng3 e5 11. c3 O-O 12. d5 a5 13. h3 h6 14. Be3 Nc5 15. Bc2 Kh7 16. b4 Ncd7 17. Nd2 h5 18. Bg5 Bh6 19. Nf3 Bxg5 20. Nxg5+ Kg7 21. h4 Nh7 22. Qd2 Qe7 23. Nf1 Nxg5 24. Qxg5 Qxg5 25. hxg5 f6 26. gxf6+ Rxf6 27. Ne3 Kh6 28. f3 Rff8 29. Bd3 Ba6 30. Bb5 Bxb5 31. axb5 Ra7 32. Ra4 Rb7 33. bxa5 Nc5 34. Ra3 bxa5 35. Rxa5 Nb3 36. Ra3 Rxb5 37. Rb1 Rfb8 38. c4 R5b7 39. Kf2 Kg5 40. Ra6 Kf6 41. Rc6 Na5 42. Rxb7 Rxb7 43. Ra6 Nb3 44. Ra8 Nd4 45. Rf8+ Kg7 46. Ra8 Rb2+ 47. Kg1 Ne2+ 48. Kh2 Nf4 49. Ra7 Re2 50. Rxc7+ Kh6 51. c5 dxc5 52. Nc4 Rxg2+ 53. Kh1 h4 54. Nxe5 h3 55. Ng4+ Kg5 56. Rxc5 Ne2 57. d6+ Kh4 0-1


[Site "https://www.chess.com"]

[Event "Titled Tuesday Blitz September 14 2021"]
[White "Pridorozhni, Aleksei"]
[Black "Iskusnyh, Sergei"]
[WhiteFideId "4127870"]
[BlackFideId "4120027"]
[WhiteElo "2565"]
[BlackElo "2492"]
[Result "1-0"]
[Round "05"]
[TimeControl "180+1"]
[Date "2021.09.15"]
[WhiteClock "0:00:05"]
[BlackClock "0:00:01"]

1. e4 e6 2. Qe2 c5 3. g3 Nc6 4. Nf3 g6 5. Na3 Bg7 6. e5 d6 7. exd6 Qxd6 8. d3 Nge7 9. Bg2 O-O 10. O-O b6 11. Nc4 Qd8 12. c3 Bb7 13. Bg5 h6 14. Bd2 Nd5 15. Rad1 Qc7 16. Rfe1 Rad8 17. Bc1 Rfe8 18. h4 e5 19. a4 Bc8 20. Nfd2 Be6 21. Nf1 f5 22. Qc2 Bf7 23. Nfe3 Nde7 24. Na3 f4 25. Nf1 Bd5 26. Bxd5+ Rxd5 27. Qe2 Qd7 28. Nc4 Rf8 29. Kh2 Qf5 30. Nfd2 g5 31. Ne4 gxh4 32. g4 Qd7 33. f3 Ng6 34. Nf2 Rd8 35. Qf1 Qf7 36. Re2 Nf8 37. Rde1 Ne6 38. Nd2 Ng5 39. Qh1 Rxd3 40. Nxd3 Rxd3 41. Rf2 Qd5 42. Ne4 Nd8 43. Qf1 Nde6 44. c4 Qd7 45. Nc3 Kh8 46. Nd5 Rxd5 47. cxd5 Qxd5 48. Rd1 Nd4 49. Rd3 Qc4 50. Qd1 Qe6 51. Bd2 e4 52. fxe4 Qxe4 53. Bc3 f3 54. Bxd4 Bxd4 55. Rfxf3 Be5+ 56. Kg1 h3 57. Rxh3 Nxh3+ 58. Rxh3 Bd4+ 59. Kf1 Qf4+ 60. Kg2 Qe4+ 61. Qf3 Qc2+ 62. Kf1 Qc1+ 63. Ke2 Qc2+ 64. Ke1 Qc1+ 65. Ke2 Qc2+ 66. Ke1 Qc1+ 67. Qd1 1-0


[Site "https://www.chess.com"]

[Event "Titled Tuesday Blitz September 14 2021"]
[White "Sadhwani, Raunak"]
[Black "Taboas Rodriguez, Daniel"]
[WhiteFideId "35093487"]
[BlackFideId "2208466"]
[WhiteElo "2517"]
[BlackElo "2429"]
[Result "1-0"]
[Round "05"]
[TimeControl "180+1"]
[Date "2021.09.15"]
[WhiteClock "0:00:18"]
[BlackClock "0:00:04"]

1. d4 Nf6 2. Nf3 g6 3. Nc3 d5 4. Bf4 Bf5 5. e3 c6 6. Be2 Nbd7 7. Ne5 Bg7 8. O-O O-O 9. h3 Nxe5 10. Bxe5 Re8 11. Na4 Ne4 12. f3 Nd6 13. b3 f6 14. Bh2 e5 15. Qd2 Qe7 16. Rae1 Rad8 17. c4 dxc4 18. bxc4 Bh6 19. dxe5 fxe5 20. Qc3 Bg7 21. Qb3 Kh8 22. c5 Nf7 23. Bc4 Be6 24. Bxe6 Qxe6 25. Qxb7 Qxa2 26. Ra1 Qe6 27. e4 Rd7 28. Qa6 Bh6 29. Kh1 Bf4 30. Nb2 Bxh2 31. Kxh2 Rd2 32. Nc4 Rc2 33. Rac1 Rxc1 34. Rxc1 Re7 35. Rb1 Kg7 36. Rb2 Qf6 37. Rd2 Qf4+ 38. Kh1 Ng5 39. Qa3 Rb7 40. Qa1 Nxf3 41. gxf3 Qxf3+ 42. Kh2 Qf4+ 43. Kg1 Qg3+ 44. Rg2 Qxh3 45. Qxe5+ Kh6 46. Rh2 Rb1+ 47. Kf2 1-0


[Site "https://www.chess.com"]

[Event "Titled Tuesday Blitz September 14 2021"]
[White "Suvorov, Alexander"]
[Black "Goltsev, Dmitry"]
[WhiteFideId "12977063"]
[BlackFideId "24176710"]
[WhiteElo "2221"]
[BlackElo "2334"]
[Result "0-1"]
[Round "05"]
[TimeControl "180+1"]
[Date "2021.09.15"]
[WhiteClock "0:00:01"]
[BlackClock "0:00:59"]

1. d4 Nf6 2. c4 e6 3. Nc3 Bb4 4. e3 c5 5. Ne2 d5 6. a3 Ba5 7. dxc5 dxc4 8. Qxd8+ Bxd8 9. Ng3 Nbd7 10. Bxc4 Nxc5 11. b4 Ncd7 12. O-O a6 13. Nce4 Bc7 14. Bb2 Ke7 15. Rac1 Be5 16. Bxe5 Nxe5 17. Be2 Nc6 18. Nc5 Rd8 19. Rfd1 Rxd1+ 20. Rxd1 Nd5 21. Bf3 b6 22. Bxd5 exd5 23. Nb3 Be6 24. Rc1 Rc8 25. Ne2 Kd6 26. Ned4 Nxd4 27. exd4 Rc4 28. Kf1 a5 29. bxa5 bxa5 30. Ke2 Ra4 31. Ra1 Bd7 32. Ke3 Bb5 33. h4 h5 34. g3 g6 35. Nc5 Rc4 36. Nb7+ Ke6 37. Nxa5 Rc2 38. Kf4 Rxf2+ 39. Kg5 Rf3 40. Nb7 Rxg3+ 41. Kh6 Rg4 42. Nc5+ Kd6 43. a4 Bc6 44. a5 Rxd4 45. Nb3 Rxh4 46. Kg7 Rb4 47. Nd2 h4 48. Kxf7 g5 49. Nf3 Rg4 50. Kg6 h3 51. Nxg5 h2 52. Rh1 Rg2 53. Kf5 d4 54. Ne4+ Kc7 55. a6 Kb6 56. Kf4 d3 57. Kf3 Re2 58. a7 Bxe4+ 59. Kf4 Bxh1 0-1


[Site "https://www.chess.com"]

[Event "Titled Tuesday Blitz September 14 2021"]
[White "Svane, Rasmus"]
[Black "Timmermans, Mark"]
[WhiteFideId "4657101"]
[BlackFideId "1026399"]
[WhiteElo "2643"]
[BlackElo "2460"]
[Result "1-0"]
[Round "05"]
[TimeControl "180+1"]
[Date "2021.09.15"]
[WhiteClock "0:01:05"]
[BlackClock "0:00:33"]

1. Nf3 Nf6 2. g3 e6 3. Bg2 d5 4. O-O Be7 5. c4 O-O 6. b3 c5 7. cxd5 Nxd5 8. Nc3 Nc6 9. Nxd5 Qxd5 10. Bb2 Qd6 11. Rc1 Rd8 12. Qc2 b6 13. d4 Bb7 14. Rfd1 Nb4 15. Qb1 Qb8 16. dxc5 Bxc5 17. Ng5 Rxd1+ 18. Rxd1 g6 19. Rd7 Bxg2 20. Rxf7 Bh3 21. Rg7+ Kf8 22. Nxh7+ Ke8 23. Qxg6+ Kd8 24. Bf6+ Kc8 25. Qe8# 1-0


[Site "https://www.chess.com"]

[Event "Titled Tuesday Blitz September 14 2021"]
[White "Visakh N R"]
[Black "Mortazavi, Ali"]
[WhiteFideId "25012223"]
[BlackFideId "401323"]
[WhiteElo "2454"]
[BlackElo "2339"]
[Result "0-1"]
[Round "05"]
[TimeControl "180+1"]
[Date "2021.09.15"]
[WhiteClock "0:00:02"]
[BlackClock "0:00:07"]

1. d4 Nf6 2. c4 g6 3. Nc3 Bg7 4. e4 O-O 5. f3 d6 6. Be3 a6 7. Qd2 Nc6 8. Nge2 b5 9. cxb5 axb5 10. Nxb5 Na5 11. Nc1 c6 12. Nc3 Ba6 13. Bxa6 Rxa6 14. O-O Nc4 15. Qe2 Nxe3 16. Qxa6 Nxf1 17. Kxf1 Nd7 18. Nb3 c5 19. dxc5 Bxc3 20. bxc3 dxc5 21. Rd1 Qc7 22. Qa5 Qc6 23. Qa7 Ne5 24. Qxe7 Nc4 25. Kf2 Qa4 26. Rd8 Qxa2+ 27. Kg3 Rxd8 28. Qxd8+ Kg7 29. Nxc5 Qe2 30. Qd4+ Kh6 31. Nd3 Ne3 32. Nf2 f5 33. Qd3 Nf1+ 34. Kf4 Qxf2 35. exf5 g5+ 36. Ke5 Qxg2 37. Kf6 Nxh2 38. Kf7 Nxf3 39. Kg8 Ne5 40. Qd6+ Ng6 41. fxg6 hxg6 42. Kf7 Qb7+ 43. Kf6 Qf3+ 44. Ke7 Qxc3 45. Qh2+ Kg7 46. Qf2 Qe5+ 47. Kd7 Qf5+ 0-1


[Site "https://www.chess.com"]

[Event "Titled Tuesday Blitz September 14 2021"]
[White "Yoo, Christopher Woojin"]
[Black "FarOut1364"]
[WhiteFideId "30909694"]
[WhiteElo "2105"]
[BlackElo "2726"]
[Result "0-1"]
[Round "05"]
[TimeControl "180+1"]
[Date "2021.09.15"]
[WhiteClock "0:00:02"]
[BlackClock "0:00:11"]

1. e4 e6 2. d4 d5 3. Bd3 dxe4 4. Bxe4 Nf6 5. Bf3 c5 6. Ne2 Nc6 7. Be3 Be7 8. O-O cxd4 9. Nxd4 Ne5 10. Nc3 O-O 11. Qe2 Nxf3+ 12. Qxf3 Nd5 13. Nxd5 Qxd5 14. Qxd5 exd5 15. Rad1 Be6 16. c3 a6 17. Rfe1 Rfe8 18. f3 Bf6 19. Nb3 b5 20. Nc5 Be7 21. Nd3 Bd6 22. Bf4 Bf8 23. Be5 f6 24. Bd4 Bf5 25. Nf4 Rxe1+ 26. Rxe1 Rd8 27. g4 Bc8 28. Nd3 Kf7 29. h3 h5 30. Kg2 hxg4 31. hxg4 Be6 32. Bc5 d4 33. Bxf8 dxc3 34. Nc5 Rd2+ 35. Kg3 c2 36. Rc1 Bxa2 37. Bxg7 Kxg7 38. Ne4 Re2 39. Nc3 Rd2 40. Nxa2 a5 41. Nc3 b4 42. Na4 b3 43. Nc5 a4 44. Kf4 Rd1 0-1


[Site "https://www.chess.com"]

[Event "Titled Tuesday Blitz September 14 2021"]
[White "Zhigalko, Sergei"]
[Black "Vitiugov, Nikita"]
[WhiteFideId "13502956"]
[BlackFideId "4152956"]
[WhiteElo "2662"]
[BlackElo "2673"]
[Result "1-0"]
[Round "05"]
[TimeControl "180+1"]
[Date "2021.09.15"]
[WhiteClock "0:00:03"]
[BlackClock "0:00:02"]

1. e4 e6 2. d4 d5 3. e5 c5 4. c3 Nc6 5. Nf3 Bd7 6. Be2 Rc8 7. O-O h6 8. Na3 Nge7 9. dxc5 Ng6 10. b4 a6 11. Re1 Ngxe5 12. Nxe5 Nxe5 13. Bxa6 bxa6 14. Rxe5 Be7 15. Bf4 g5 16. Bg3 h5 17. Re3 h4 18. Qd4 Rh6 19. Bd6 Bxd6 20. cxd6 Qf6 21. Nc2 Qxd4 22. Nxd4 Kd8 23. a4 Rb8 24. h3 Rb6 25. Rf1 Rxd6 26. f4 f6 27. fxg5 fxg5 28. Re5 Rg6 29. Rf7 g4 30. Kf2 gxh3 31. gxh3 1-0


[Site "https://www.chess.com"]

[Event "Titled Tuesday Blitz September 14 2021"]
[White "deribas12345"]
[Black "Perez Ponsa, Federico"]
[BlackFideId "117927"]
[WhiteElo "2609"]
[BlackElo "2672"]
[Result "0-1"]
[Round "05"]
[TimeControl "180+1"]
[Date "2021.09.15"]
[WhiteClock "0:00:04"]
[BlackClock "0:02:03"]

1. d4 d6 2. c4 e5 3. d5 a5 4. e4 Be7 5. f4 exf4 6. Bxf4 Bg5 7. Bg3 Nf6 8. Nc3 O-O 9. Nf3 Be3 10. Qe2 Bc5 11. Bh4 Bg4 12. h3 Bh5 13. O-O-O Nbd7 14. g4 Bg6 15. Nd4 c6 16. dxc6 bxc6 17. Nxc6 Qb6 18. Ne7+ Kh8 19. Ned5 Nxd5 20. Nxd5 Qb7 21. Be7 Rfe8 22. h4 h6 23. h5 Bh7 24. Rh2 Ne5 25. Bh4 f6 26. Bf2 a4 27. Bxc5 dxc5 28. a3 Nc6 29. Qe3 Nd4 30. Rxd4 cxd4 31. Qxd4 Rxe4 32. Qd2 Rae8 33. Bd3 Re1+ 34. Kc2 Qb3# 0-1


[Site "https://www.chess.com"]

[Event "Titled Tuesday Blitz September 14 2021"]
[White "Barrionuevo, Pablo"]
[Black "Kezin, Roman"]
[WhiteFideId "110566"]
[BlackFideId "24124621"]
[WhiteElo "2250"]
[BlackElo "2570"]
[Result "0-1"]
[Round "06"]
[TimeControl "180+1"]
[Date "2021.09.15"]
[WhiteClock "0:02:38"]
[BlackClock "0:02:46"]

1. c4 e6 2. d4 d5 3. Nf3 Nf6 4. g3 Be7 5. Bg2 O-O 6. O-O dxc4 7. Qc2 b5 8. a4 b4 9. Nbd2 Bb7 10. Nxc4 Be4 11. Qb3 c5 12. dxc5 Na6 13. Rd1 Nxc5 0-1


[Site "https://www.chess.com"]

[Event "Titled Tuesday Blitz September 14 2021"]
[White "Bluebaum, Matthias"]
[Black "Grischuk, Alexander"]
[WhiteFideId "24651516"]
[BlackFideId "4126025"]
[WhiteElo "2918"]
[BlackElo "3082"]
[Result "1-0"]
[Round "06"]
[TimeControl "180+1"]
[Date "2021.09.15"]
[WhiteClock "0:00:08"]
[BlackClock "0:00:02"]

1. d4 Nf6 2. Nf3 d5 3. Bf4 c5 4. e3 Nc6 5. c3 Qb6 6. Qc2 g6 7. Nbd2 Bf5 8. dxc5 Qxc5 9. Qb3 Na5 10. Qa4+ Bd7 11. Qc2 Nc6 12. Nb3 Qb6 13. a4 a6 14. a5 Qa7 15. Be2 Bg7 16. h3 O-O 17. O-O Rac8 18. Nbd4 Qc5 19. Rfc1 e6 20. b4 Qe7 21. Qb3 Ne4 22. Bh2 e5 23. Nxc6 Bxc6 24. c4 d4 25. exd4 exd4 26. Re1 Ng5 27. Rad1 Rfd8 28. Bf4 Ne6 29. Bg3 h6 30. Ne5 Be8 31. Bf3 Kh7 32. h4 h5 33. c5 Bb5 34. Nc4 Bxc4 35. Qxc4 Qd7 36. Bd6 Bf8 37. Bg3 Bh6 38. Re5 Bg7 39. Rd5 Qe7 40. Rxd8 Rxd8 41. Qd3 Rd7 42. Re1 Qf6 43. Bxh5 Nf4 44. Bxf4 Qxf4 45. g3 Qf5 46. Qxf5 gxf5 47. Bf3 d3 48. Rb1 Bc3 49. Rb3 Be5 50. Kf1 Kg6 51. Ke1 f4 52. g4 Kf6 53. Kd2 Rd4 54. Bxb7 f3 55. Bxf3 Bf4+ 56. Kd1 d2 57. Rc3 Rxb4 58. Kc2 Ra4 59. c6 Ra2+ 60. Kb3 Rxa5 61. c7 Bxc7 62. Rxc7 Rd5 63. Kc2 Rd4 64. Kd1 Rf4 65. Rc3 a5 66. Kxd2 1-0


[Site "https://www.chess.com"]

[Event "Titled Tuesday Blitz September 14 2021"]
[White "Bortnyk, Olexandr"]
[Black "Alikhanov, Felix"]
[WhiteFideId "14120828"]
[BlackFideId "4157427"]
[WhiteElo "2723"]
[BlackElo "2425"]
[Result "1-0"]
[Round "06"]
[TimeControl "180+1"]
[Date "2021.09.15"]
[WhiteClock "0:00:46"]
[BlackClock "0:00:06"]

1. d4 Nf6 2. Nc3 d5 3. Bf4 e6 4. Nb5 Na6 5. e3 c6 6. Nc3 Bb4 7. Bxa6 bxa6 8. Ne2 O-O 9. O-O a5 10. a3 Bd6 11. Re1 Re8 12. Na4 Ne4 13. c4 Ba6 14. cxd5 cxd5 15. Bxd6 Qxd6 16. Ng3 Nxg3 17. hxg3 Rab8 18. Qd2 Bb5 19. Nc5 a4 20. Rac1 h5 21. Rc3 Qe7 22. e4 dxe4 23. Rxe4 Bc6 24. Re5 g6 25. Qh6 Rxb2 26. Nxe6 Qf6 27. Nf4 Rb1+ 28. Kh2 Qg7 29. Qxg7+ Kxg7 30. Rxc6 Rxe5 31. dxe5 Rb3 32. Rc7 Kf8 33. Rxa7 Rxa3 34. e6 fxe6 35. Nxg6+ Ke8 36. Nf4 e5 37. Nxh5 Ra2 38. f3 a3 39. Nf6+ Kf8 40. Ng4 Ra1 41. Nxe5 a2 42. Ng6+ Kg8 43. Nf4 Kf8 44. g4 Kg8 45. Kg3 1-0


[Site "https://www.chess.com"]

[Event "Titled Tuesday Blitz September 14 2021"]
[White "Csonka, Balazs"]
[Black "Khusnutdinov, Rustam"]
[WhiteFideId "742910"]
[BlackFideId "13701703"]
[WhiteElo "2404"]
[BlackElo "2571"]
[Result "0-1"]
[Round "06"]
[TimeControl "180+1"]
[Date "2021.09.15"]
[WhiteClock "0:00:01"]
[BlackClock "0:00:54"]

1. d4 d5 2. Nf3 e6 3. Bf4 c5 4. e3 Nc6 5. c3 Nf6 6. Nbd2 Nh5 7. Bg5 Qb6 8. Rb1 h6 9. Bh4 g5 10. Bg3 Bg7 11. Bd3 Bd7 12. a3 c4 13. Bc2 Nxg3 14. hxg3 Qc7 15. g4 e5 16. Nxe5 Bxe5 17. dxe5 Nxe5 18. Nf3 Nxg4 19. Qxd5 O-O-O 20. Bf5 Kb8 21. Bxg4 Bxg4 22. Qe5 Bxf3 23. Qxc7+ Kxc7 24. gxf3 h5 25. Ke2 h4 26. Rbg1 f6 27. Rg4 b5 28. f4 Rd5 29. fxg5 fxg5 30. f4 Rhd8 31. Rxg5 Rd2+ 32. Kf3 Rxb2 33. Rxh4 Rb3 34. Rh7+ Kc6 35. Rg6+ Rd6 36. Rhh6 Rxg6 37. Rxg6+ Kc5 38. f5 Rxc3 39. f6 Kd6 40. Rg7 Rxa3 41. Rb7 Ra1 42. Rxb5 c3 43. Rb3 c2 44. Rd3+ Ke6 0-1


[Site "https://www.chess.com"]

[Event "Titled Tuesday Blitz September 14 2021"]
[White "Demchenko, Anton"]
[Black "Krivonosov, Oleg"]
[WhiteFideId "4160258"]
[BlackFideId "11600349"]
[WhiteElo "2583"]
[BlackElo "2469"]
[Result "1-0"]
[Round "06"]
[TimeControl "180+1"]
[Date "2021.09.15"]
[WhiteClock "0:00:46"]
[BlackClock "0:00:13"]

1. e4 e5 2. Nf3 Nc6 3. Bc4 Bc5 4. d3 Nf6 5. Nc3 h6 6. h3 d6 7. Na4 Bb6 8. c3 Be6 9. Bxe6 fxe6 10. O-O O-O 11. Re1 Qe8 12. Nxb6 axb6 13. a4 Nh5 14. b4 Qg6 15. Ra2 Nf4 16. Bxf4 Rxf4 17. Nh2 Raf8 18. Nf1 Qf7 19. Ree2 Ne7 20. a5 bxa5 21. bxa5 Ng6 22. Qb3 Rf6 23. g3 c6 24. Rab2 Ra8 25. Qb4 Qc7 26. Qxb7 Qxb7 27. Rxb7 Rxa5 28. Rb6 Ne7 29. Ne3 Rf8 30. Rb7 Kf7 31. Nc4 Ra1+ 32. Kg2 Rd8 33. Rd2 Kf6 34. d4 exd4 35. cxd4 d5 36. e5+ Kf7 37. Nd6+ Kf8 38. Rd3 1-0


[Site "https://www.chess.com"]

[Event "Titled Tuesday Blitz September 14 2021"]
[White "Dobrov, Vladimir"]
[Black "Pandey Srishti"]
[WhiteFideId "4136594"]
[BlackFideId "35093290"]
[WhiteElo "2614"]
[BlackElo "1816"]
[Result "1-0"]
[Round "06"]
[TimeControl "180+1"]
[Date "2021.09.15"]
[WhiteClock "0:02:42"]
[BlackClock "0:01:10"]

1. d4 d5 2. c4 c6 3. Nc3 Nf6 4. e3 e6 5. Nf3 Nbd7 6. Bd3 dxc4 7. Bxc4 b5 8. Bd3 Bd6 9. g4 h6 10. Rg1 e5 11. h4 Bb7 12. g5 hxg5 13. hxg5 Nh5 14. Ne4 Bb4+ 15. Bd2 Bc3 16. Bxc3 1-0


[Site "https://www.chess.com"]

[Event "Titled Tuesday Blitz September 14 2021"]
[White "Eljanov, Pavel"]
[Black "De Silva, L M S T"]
[WhiteFideId "14102951"]
[BlackFideId "9953698"]
[WhiteElo "2602"]
[BlackElo "1621"]
[Result "1-0"]
[Round "06"]
[TimeControl "180+1"]
[Date "2021.09.15"]
[WhiteClock "0:00:39"]
[BlackClock "0:00:01"]

1. c4 e5 2. d3 Nf6 3. Nf3 Nc6 4. a3 a5 5. Nc3 d5 6. cxd5 Nxd5 7. g3 Nb6 8. Bg2 Be7 9. O-O O-O 10. Be3 Be6 11. Rc1 a4 12. Nd2 Nd4 13. Bxb7 Rb8 14. Bg2 Nb3 15. Nxb3 Bxb3 16. Qd2 Qd7 17. Ne4 Nd5 18. Bc5 f5 19. Bxe7 Nxe7 20. Nc5 Qd6 21. Nxb3 Rxb3 22. Rc3 Rfb8 23. Rxb3 Rxb3 24. Rc1 Qb6 25. Rc2 c6 26. h4 h6 27. h5 Qd4 28. Bf3 Nd5 29. e3 Qxd3 30. Qxd3 Rxd3 31. Rxc6 Nf6 32. Rc5 e4 33. Be2 Rd2 34. Bc4+ Kf8 35. b3 axb3 36. Bxb3 Nxh5 37. Rxf5+ Nf6 38. a4 Rb2 39. Rb5 Ke7 40. a5 Ng4 41. a6 Rb1+ 42. Kg2 Ra1 43. Rb4 Kd8 44. Rxe4 Nf6 45. Ra4 Rxa4 46. Bxa4 Kc7 47. Bb5 Kb6 48. Bd3 g5 49. f4 g4 50. e4 h5 51. e5 Nd5 52. f5 h4 53. f6 1-0


[Site "https://www.chess.com"]

[Event "Titled Tuesday Blitz September 14 2021"]
[White "FarOut1364"]
[Black "Svane, Rasmus"]
[BlackFideId "4657101"]
[WhiteElo "2743"]
[BlackElo "2643"]
[Result "0-1"]
[Round "06"]
[TimeControl "180+1"]
[Date "2021.09.15"]
[WhiteClock "0:00:26"]
[BlackClock "0:00:29"]

1. d4 d5 2. c4 e6 3. Nc3 a6 4. cxd5 exd5 5. Qb3 Nf6 6. Bg5 c5 7. Bxf6 gxf6 8. e3 c4 9. Qd1 Nc6 10. Nge2 Bh6 11. Ng3 Be6 12. Qh5 Bf8 13. Be2 b5 14. a3 Rg8 15. Qxh7 Rg6 16. Bh5 Rh6 17. Qg8 Ne7 18. Bxf7+ Bxf7 19. Qg4 Qd7 20. Qf3 Be6 21. h3 f5 22. Nh5 O-O-O 23. Nf4 Bf7 24. O-O Ng6 25. Nxg6 Bxg6 26. b3 Bh5 27. Qf4 Rg6 28. bxc4 dxc4 29. Kh1 Bd6 30. Qh4 Rh8 31. a4 Rxg2 32. Nd5 Rh2+ 0-1


[Site "https://www.chess.com"]

[Event "Titled Tuesday Blitz September 14 2021"]
[White "Goltsev, Dmitry"]
[Black "Baskin, Robert"]
[WhiteFideId "24176710"]
[BlackFideId "24662402"]
[WhiteElo "2334"]
[BlackElo "2521"]
[Result "1-0"]
[Round "06"]
[TimeControl "180+1"]
[Date "2021.09.15"]
[WhiteClock "0:01:05"]
[BlackClock "0:01:03"]

1. e4 c5 2. Nf3 d6 3. d4 cxd4 4. Nxd4 Nf6 5. Nc3 a6 6. Bg5 e6 7. Qd2 Be7 8. a4 Qc7 9. f3 Nbd7 10. Be2 b6 11. O-O Bb7 12. Rfd1 O-O 13. Rac1 Rac8 14. Qe1 Rfe8 15. Bd3 Nc5 16. Bf1 Ncd7 17. Nce2 Ne5 18. b3 d5 19. f4 Ng6 20. e5 Ne4 21. Bxe7 Qxe7 22. c4 dxc4 23. Rxc4 Rxc4 24. bxc4 Qa3 25. Ng3 Nxg3 26. hxg3 Qxa4 27. Rb1 Qa3 28. Rxb6 Qc5 29. Rxb7 Qxd4+ 30. Qf2 Qc3 31. Kh2 h5 32. Qa7 h4 33. gxh4 Nxf4 34. Qf2 Qxe5 35. g3 Nh5 36. Qxf7+ Kh7 37. Bd3+ 1-0


[Site "https://www.chess.com"]

[Event "Titled Tuesday Blitz September 14 2021"]
[White "Ibrahimli, Murad"]
[Black "Rozman, Levy"]
[WhiteFideId "13410229"]
[BlackFideId "2039877"]
[WhiteElo "2109"]
[BlackElo "2376"]
[Result "1/2-1/2"]
[Round "06"]
[TimeControl "180+1"]
[Date "2021.09.15"]
[WhiteClock "0:00:14"]
[BlackClock "0:00:06"]

1. Nf3 g6 2. d4 Bg7 3. g3 d6 4. Bg2 Bd7 5. Nc3 Qc8 6. h3 Nc6 7. Be3 e5 8. dxe5 Nxe5 9. Nxe5 Bxe5 10. Bd4 Ne7 11. Ne4 Bc6 12. Qd2 Qe6 13. O-O O-O 14. Ng5 Qf6 15. Bxe5 Qxe5 16. c3 Bxg2 17. Kxg2 Nc6 18. Nf3 Qe4 19. Qd3 Rfe8 20. Qxe4 Rxe4 21. e3 a5 22. Nd2 Re5 23. a4 b5 24. axb5 Rxb5 25. Ra2 Rab8 26. Rb1 Ne5 27. Kf1 a4 28. Ke2 a3 29. b3 Rc5 30. Rc1 Ra8 31. f4 Nd7 32. b4 Rh5 33. h4 Nb6 34. Rca1 Rd5 35. e4 Re8 36. Rxa3 f5 37. Ra5 fxe4 38. Rxd5 Nxd5 39. Ra3 c5 40. bxc5 dxc5 41. Nc4 Rb8 42. Kd2 Rb1 43. Ra8+ Kg7 44. Ra5 Rg1 45. Rxc5 Rg2+ 46. Ke1 Nxc3 47. Ne5 Re2+ 48. Kf1 Rc2 49. Rc7+ Kg8 50. Ng4 Rc1+ 51. Kg2 Rc2+ 52. Kh3 Kf8 53. Ne3 Rc1 54. Nd5 Ne2 55. Rxc1 Nxc1 56. Kg2 Nd3 57. Nc3 Nc5 58. Kf2 Kf7 59. Ke3 Kg7 60. Nxe4 Ne6 61. Ng5 Nf8 62. Nf3 Kf6 63. Ke4 h6 64. g4 Kg7 65. Ke5 Nd7+ 66. Kd5 Nf6+ 67. Kd4 Nxg4 68. Ne5 Nf6 69. Ke3 Nd5+ 70. Kf3 Kf6 71. Ng4+ Kg7 72. Nf2 Ne7 73. Ne4 Nf5 74. Kg4 Ne3+ 75. Kh3 Nd5 76. Kg3 Kf7 77. Kf3 Ne7 78. Ng3 Ke6 79. Ke4 Ng8 80. f5+ gxf5+ 81. Nxf5 Nf6+ 82. Kf4 Nd5+ 83. Ke4 Nf6+ 84. Kf4 Nd5+ 85. Ke4 Nf6+ 1/2-1/2


[Site "https://www.chess.com"]

[Event "Titled Tuesday Blitz September 14 2021"]
[White "Jobava, Baadur"]
[Black "Kobalia, Mikhail"]
[WhiteFideId "13601520"]
[BlackFideId "4119150"]
[WhiteElo "2958"]
[BlackElo "2811"]
[Result "1-0"]
[Round "06"]
[TimeControl "180+1"]
[Date "2021.09.15"]
[WhiteClock "0:00:56"]
[BlackClock "0:00:09"]

1. e4 c6 2. c4 d5 3. cxd5 cxd5 4. exd5 Nf6 5. Qa4+ Nbd7 6. Nc3 g6 7. Nf3 Bg7 8. Bc4 O-O 9. d3 a6 10. Qa3 b6 11. O-O Bb7 12. Re1 Re8 13. Be3 b5 14. Bb3 Nb6 15. d6 exd6 16. Ng5 Nbd5 17. Nxf7 Kxf7 18. Bg5 Re5 19. Bxf6 Qxf6 20. Ne4 b4 21. Qxb4 Qe7 22. Nxd6+ Kf8 23. Rxe5 Nxb4 24. Rxe7 Kxe7 25. Nxb7 Nxd3 26. Rd1 Nxb2 27. Re1+ Kf8 28. Nc5 Bc3 29. Re3 Bb4 30. Ne6+ 1-0


[Site "https://www.chess.com"]